 Dungeon Crawl Stone Soup version 0.32-a0-560-g4c7f4391e0 (webtiles) character file.

Game seed: 10035100890200602521

7 javelincjr the Grasshopper (level 1, 0/16 HPs)
             Began as a Demonspawn Warper on Feb 29, 2024.
             Slain by a jackal (1 damage)
             ... on level 1 of the Dungeon.
             The game lasted 00:01:17 (170 turns).

javelincjr the Grasshopper (Demonspawn Warper)       Turns: 170, Time: 00:01:17

Health: 0/16       AC:  3    Str: 11    XL:     1   Next: 83%
Magic:  3/3        EV: 11    Int: 13    God:
Gold:   14         SH:  0    Dex: 12    Spells: 4/4 levels left

rFire   . . .        a - +0 spear
rCold   . . .        g - orb {mayhem}
rNeg    . . .        b - +0 leather armour
rPois   .            (no helmet)
rElec   .            (no cloak)
rCorr   .            (no gloves)
SInv    .            (no boots)
Will    .....        (no amulet)
Stlth   +            (no ring)
HPRegen 0.22/turn    (no ring)
MPRegen 0.08/turn

%: mayhem
@: no status effects
A: no striking features
a: no special abilities


You were on level 1 of the Dungeon.
You visited 1 branch of the dungeon, and saw 1 of its levels.

You collected 14 gold pieces.

Inventory:

Hand Weapons
 a - a +0 spear (weapon)
Missiles
 d - 7 darts of dispersal (quivered)
Armour
 b - a +0 leather armour (worn)
 e - a +0 ring mail
 g - an orb of mayhem (worn)
Scrolls
 c - a scroll of blinking
 f - a scroll of identify {unknown}


   Skills:
 + Level 2.1 Fighting
 + Level 1.8 Polearms
 + Level 1.0 Throwing
 + Level 1.0 Armour
 + Level 1.8 Dodging
 + Level 2.0 Spellcasting
 + Level 2.7 Translocations


You had 4 spell levels left.
You didn't know any spells.
Your spell library contained the following spells:

 Spells                   Type           Power      Damage    Failure   Level
 Blink                    Tloc           16%        N/A       16%         2
 Lesser Beckoning         Tloc           16%        N/A       16%         2
 Teleport Other           Tloc           8%         N/A       32%         3
 Manifold Assault         Tloc           8%         N/A       71%         4
 Vhi's Electric Charge    Tloc/Air       8%         N/A       88%         4


Dungeon Overview and Level Annotations

Branches:
Dungeon (1/15)

Altars:


Message History

The jackal bites you. The jackal completely misses you.
You barely miss the jackal. The jackal closely misses you.
The jackal barely misses you.
The rat squeaks loudly.
You hit the jackal but do no damage.
The jackal bites you but does no damage.
The jackal bites you. The jackal barely misses you.
You hit the jackal but do no damage. The jackal barely misses you.
The jackal bites you. x2
You closely miss the jackal.
The jackal bites you but does no damage. x2
You barely miss the jackal.
The jackal bites you but does no damage.
The jackal completely misses you.
The jackal stops to sniff the ground.
The jackal closely misses you.
The jackal pauses to sniff the ground.
The jackal closely misses you.
You hit the goblin.
You kill the goblin!
The jackal bites you but does no damage.
The jackal bites you.
You closely miss the rat.
The jackal bites you but does no damage.
The jackal misses you. The rat bites you. The jackal barely misses you.
You barely miss the rat.
The jackal bites you but does no damage.
The jackal barely misses you. The rat closely misses you.
The jackal bites you but does no damage.
You barely miss the rat. The jackal bites you. The jackal closely misses you.
The rat misses you.
You barely miss the rat.
The jackal barely misses you. x2; The rat bites you.
* * * LOW HITPOINT WARNING * * *
The jackal misses you. The jackal bites you.
* * * LOW HITPOINT WARNING * * *
The jackal falls through a shaft!
The shaft crumbles and collapses.
You hit the jackal.
The jackal is lightly wounded.
The jackal bites you.
You die...

..### #...#
#...# #...#
#...# #..)#
#r..# #○h.#
#@..# #...#
#...# ##..#
#..# #..#
########..#
..........#
.#######..###


You could see a jackal and a rat.

Vanquished Creatures
  2 goblins (D:1)
  2 ball pythons (D:1)
  2 bats (D:1)
  A frilled lizard (D:1)
  A rat (D:1)
8 creatures vanquished.

Notes
Turn   | Place    | Note
-------+----------+-------------------------------------------
     0 | D:1      | javelincjr the Demonspawn Warper began the quest for the
                  | Orb.
     0 | D:1      | Reached XP level 1. HP: 16/16 MP: 3/3
   142 | D:1      | Reached skill level 1 in Throwing
   142 | D:1      | Reached skill level 1 in Armour
   170 | D:1      | Slain by a jackal

Illustrated notes

Levels and vault maps discovered:
D:1:      dpeg_arrival_lava_temple_mockup, layout_rooms

Skill      XL: |  1 |
---------------+----+-----
Throwing       | 1 |  1.0
Armour         | 1 |  1.0
Fighting       | |  2.1
Polearms       | |  1.8
Dodging        | |  1.8
Spellcasting   | |  2.0
Translocations | |  2.7

Action                     || total
---------------------------++-------
  Melee: Spear             ||    37
 Armour: Leather armour    ||    29
  Dodge: Dodged            ||    28

Table legend: (Time is in decaauts)
 A = Elapsed time spent in this place.
 B = Non-inter-level travel time spent in this place.
 C = Inter-level travel time spent in this place.
 D = Time resting spent in this place.
 E = Time spent auto-exploring this place.
 F = Levels seen in this place.
 G = Mean time per level.
                   A        B        C        D        E       F      G
               +--------+--------+--------+--------+--------+-----+--------+
         Total |    170 |    170 |      0 |      0 |     82 |   1 |  170.0 |
       Dungeon |    170 |    170 |      0 |      0 |     82 |   1 |  170.0 |
               +--------+--------+--------+--------+--------+-----+--------+

Top non-repeatable levels by time:
     D:1: 170 daAuts
